AoeStats
← chichoN

Arabia

503752951Analyzed
1v1 RM · 1mo ago on Sep 2, 2026· 57m 15s· 2 players
Game mode
Random Map
Map size
Tiny (2 player)
Population
200
Speed
Normal
Resources
Standard
Victory
Conquest
Starting age
Dark Age
Ending age
Imperial Age
RankedLock teamsTeams togetherTeam positionsShared explorationLock speedFull tech treeHidden civsTurbo modeCheats
Victory
Defeat
🇦🇷 Slavs · Argentina
1511
+12
🇦🇷 Ethiopians · Argentina
1433
-12
chichoN
6:42 Loom
9:28 Feudal Age
10:26 Double-Bit Axe
12:08 Wheelbarrow
13:54 Fletching
23:54 Castle Age
22:36 Gold Mining
24:31 Padded Archer Armor
23:59 Crossbowman
24:36 Bodkin Arrow
25:51 Bow Saw
30:05 Forging
35:16 Imperial Age
33:21 Thumb Ring
34:31 Scale Barding Armor
35:23 Arbalester
37:08 Hand Cart
38:14 Ballistics
38:05 Masonry
38:02 Heavy Camel Rider
38:48 Bracer
41:29 Sappers
42:33 Light Cavalry
44:13 Chain Barding Armor
45:48 Iron Casting
47:18 Chemistry
55:08 Horse Collar
56:03 Conscription
55:29 Hussar
Fernet Bronca
6:40 Loom
9:24 Feudal Age
10:01 Double-Bit Axe
13:29 Padded Archer Armor
15:24 Horse Collar
16:41 Fletching
23:04 Castle Age
21:45 Scale Mail Armor
23:08 Pikeman
24:06 Bodkin Arrow
25:12 Leather Archer Armor
25:20 Squires
25:42 Heavy Plow
25:59 Bow Saw
25:57 Elite Skirmisher
27:20 Chain Mail Armor
32:01 Forging
32:39 Ballistics
33:51 Wheelbarrow
35:15 Iron Casting
39:07 Imperial Age
38:51 Gold Mining
39:08 Stone Mining
41:08 Chemistry
40:41 Ring Archer Armor
41:02 Conscription
41:56 Conscription
43:10 Two-Man Saw
43:59 Hand Cart
45:04 Detinets
46:33 Blast Furnace
45:56 Scale Barding Armor
46:13 Heavy Plow
45:54 Halberdier
47:31 Crop Rotation
48:37 Plate Mail Armor
48:27 Chain Barding Armor
48:23 Druzhina
49:56 Hoardings
49:29 Siege Engineers
49:20 Murder Holes
51:13 Plate Barding Armor
51:36 Bloodlines
51:27 Husbandry
50:48 Light Cavalry
52:31 Gold Shaft Mining
56:28 Hussar
Connection lost

Rejoining the realm…

Still unreachable

The connection could not be restored.

Session expired

The server has moved on; the page needs a fresh start.